 Dungeon Crawl Stone Soup version 0.28.0-53-g5a82cb258f (webtiles) character file.

Game seed: 8806673864939338472

25 lonewolfV2 the Covered (level 2, -3/27 HPs)
             Began as a Minotaur Fighter on May 23, 2022.
             Killed by an exploding hobgoblin (30 damage)
             ... ignited by their inner flame
             ... on level 1 of the Dungeon.
             The game lasted 00:01:32 (764 turns).

lonewolfV2 the Covered (Minotaur Fighter)            Turns: 764, Time: 00:01:32

Health: -3/27      AC:  7    Str: 20    XL:     2   Next: 86%
Magic:  1/1        EV:  9    Int:  5    God:
Gold:   31         SH:  4    Dex:  9    Spells: 1/1 levels left

rFire   . . .      SeeInvis .   a - +1 war axe
rCold   . . .      Faith    .   c - +0 buckler
rNeg    . . .      Spirit   .   b - +0 scale mail
rPois   .          Reflect  .   (helmet restricted)
rElec   .          Harm     .   (no cloak)
rCorr   .          Rampage  .   (no gloves)
Will    .....                   (no boots)
Stlth   ..........              (no amulet)
HPRegen 0.09/turn               (no ring)
MPRegen 0.07/turn               (no ring)

@: no status effects
A: horns 2, retaliatory headbutt
a: no special abilities


You were on level 1 of the Dungeon.
You visited 1 branch of the dungeon, and saw 1 of its levels.

You collected 31 gold pieces.

Inventory:

Hand Weapons
 a - a +1 war axe (weapon)
Armour
 b - a +0 scale mail (worn)
 c - a +0 buckler (worn)
Potions
 d - a potion of might
 e - a potion of degeneration {unknown}
 h - a potion of brilliance
 i - a potion of heal wounds {unknown}


   Skills:
 + Level 3.7 Fighting
 + Level 3.1 Axes
 + Level 4.2 Armour
 + Level 0.2 Dodging
 + Level 3.8 Shields


You had one spell level left.
You didn't know any spells.
Your spell library was empty.

Dungeon Overview and Level Annotations

Branches:
Dungeon (1/15)

Altars:


Innate Abilities, Weirdness & Mutations

You have a pair of horns on your head.
You reflexively headbutt those who attack you in melee.


Message History

A bat is nearby!
A bat is nearby!
A bat is nearby!
You closely miss the bat. The bat hits you but does no damage.
The bat closely misses you. You block the bat's attack.
The bat hits you but does no damage. The bat hits you.
You slash the bat!
You kill the bat!
g - a scroll labelled MYEPTE RATICETT
h - a black potion
i - a dark potion
Found a short sword.
j - a scroll labelled ZIBUES ESUGUIF
k - a scroll labelled WOIRIM HILOIHI
Found a stone staircase leading down.
There is a stone staircase leading down here.
A hobgoblin comes into view.
The hobgoblin shouts!
As you read the scroll labelled MYEPTE RATICETT, it crumbles to dust.
It is a scroll of enchant weapon.
Your +0 war axe glows red for a moment.
As you read the scroll labelled LOCIUTARAE, it crumbles to dust.
It is a scroll of identify.
h - a potion of brilliance
As you read the scroll labelled ZIBUES ESUGUIF, it crumbles to dust.
The creatures around you are filled with an inner flame!
It was a scroll of immolation.
As you read the scroll labelled WOIRIM HILOIHI, it crumbles to dust.
The scroll dissolves into smoke.
It was a scroll of fog.
The hobgoblin barely misses you. You furiously retaliate!
You headbutt the hobgoblin.
Flame seeps out of the hobgoblin.
You closely miss the hobgoblin.
The hobgoblin is heavily wounded.
You block the hobgoblin's attack.
You hit the hobgoblin but do no damage. You headbutt the hobgoblin.
The hobgoblin explodes!
The fiery explosion engulfs you!!
Ouch! That really hurt!
You die...

#####......###.........(.##......
........>................##......
...).......##....................
...........###.####.##.#.##......
.....###.........................
.....# #######...≈≈≈..÷#.##......
####.# #§§§§§§.).#.#####.##
.....# #§§§§§§.....# #.# .....#
##§@§§§.#...#####.# .....#
##§#####.......#.# .....# #§#
#..####.#.## .....#### #.#
#..####.#... ........# #.
#..#....#... ...†#...# #.
#..#....#... #####...###### ..
#..#....#... #............. ..
#..#....#... #...........#
#.......#...


There were no monsters in sight!

Vanquished Creatures
  A ball python (D:1)
  5 endoplasms (D:1)
  2 goblins (D:1)
  3 hobgoblins (D:1)
  2 quokkas (D:1)
  5 bats (D:1)
  A frilled lizard (D:1)
  2 kobolds (D:1)
  3 rats (D:1)
24 creatures vanquished.

Notes
Turn   | Place    | Note
-------+----------+-------------------------------------------
     0 | D:1      | lonewolfV2 the Minotaur Fighter began the quest for the
                  | Orb.
     0 | D:1      | Reached XP level 1. HP: 19/19 MP: 0/0
   190 | D:1      | Reached skill level 4 in Armour
   194 | D:1      | Reached XP level 2. HP: 27/27 MP: 1/1
   277 | D:1      | Found a faded altar of an unknown god.
   764 | D:1      | Killed by an exploding hobgoblin... ignited by their inner
                  | flame

Illustrated notes

Levels and vault maps discovered:
D:1:      psy_arrival_statuary, layout_basic,
          hellmonk_ecumenical_altar_pennies_from_heaven

Skill      XL: |  1  2 |
---------------+-------+-----
Armour         | 4 |  4.2
Axes           | 3 |  3.1
Fighting       | |  3.7
Dodging        | |  0.2
Shields        | |  3.8

Action                   || total
-------------------------++-------
Melee: War axe           ||    48
       Headbutt          ||     5
  Use: Scroll            ||     4
Armor: Scale mail        ||    35
Dodge: Dodged            ||    33
Block: Buckler           ||    18
